 Dungeon Crawl Stone Soup version 0.20.1-1-g8b1a95d (webtiles) character file.

250 kae the Insei (level 5, 0/42 HPs)
             Began as a Demonspawn Gladiator on Sept 15, 2017.
             Slain by an orc priest
             ... wielding a +0 dagger
              (5 damage)
             ... on level 3 of the Dungeon.
             The game lasted 00:02:31 (3120 turns).

kae the Insei (Demonspawn Gladiator)                Turns: 3120, Time: 00:02:31

Health: 0/42       AC:  5    Str: 14    XL:     5   Next: 88%
Magic:  5/5        EV: 13    Int: 15    God:
Gold:   48         SH:  0    Dex: 19    Spells: 4/4 levels left

rFire    . . .     SeeInvis .     - Unarmed
rCold    . . .     Gourm    .   (no shield)
rNeg     . . .     Faith    .   a - +0 leather armour
rPois    .         Spirit   .   b - +0 helmet
rElec    .         Reflect  .   p - +0 cloak
rCorr    .         Harm     .   (no gloves)
MR       .....                  (no boots)
Stlth    ++........             (no amulet)
Regen    0.2/turn               (no ring)
MPRegen  0.1/turn               (no ring)

@: brilliant
A: thin skeletal structure 2
a: no special abilities


You were on level 3 of the Dungeon.
You were very hungry.

You visited 1 branch of the dungeon, and saw 3 of its levels.

You collected 48 gold pieces.

Inventory:

Missiles
 c - 2 throwing nets (quivered)
Armour
 a - a +0 leather armour (worn)
 b - a +0 helmet (worn)
 p - a +0 cloak (worn)
Scrolls
 g - 6 scrolls of identify
 k - 2 scrolls of amnesia {unknown}
 m - a scroll of fog {unknown}
 o - a scroll of teleportation {unknown}
Potions
 e - a potion of brilliance
 f - 2 potions of curing
 h - a potion of magic {unknown}
 j - a potion of heal wounds {unknown}
 n - a potion of lignification {unknown}
Comestibles
 d - a bread ration
 i - 3 fruits
 l - a meat ration


   Skills:
 + Level 3.8 Fighting
 - Level 1.7 Throwing
 - Level 2.6 Dodging
 * Level 5.2 Unarmed Combat


You had 4 spell levels left.
You didn't know any spells.

Dungeon Overview and Level Annotations

Branches:
Dungeon (3/15)

Altars:
Ashenzari
Uskayaw


Innate Abilities, Weirdness & Mutations

You have a moderately thin skeletal structure. (Dex +4, Stealth+)


Message History

The orc closely misses you.
You closely miss the orc priest.
The orc priest is almost dead.
The orc priest closely misses you.
It was a potion of curing.
You feel better. The orc hits you with a hand axe.
* * * LOW HITPOINT WARNING * * *
The orc priest hits you with a dagger.
* * * LOW HITPOINT WARNING * * *
It was a potion of brilliance.
You feel clever all of a sudden. The orc misses you.
The orc priest closely misses you.
You feel better. The orc hits you with a hand axe!
* * * LOW HITPOINT WARNING * * *
The orc priest closely misses you.
You barely miss the orc priest.
The orc priest is almost dead.
The orc hits you with a hand axe.
* * * LOW HITPOINT WARNING * * *
The orc priest hits you with a dagger.
You die...

#.#!# #.#.# .# #.#.# .#
#.#.# .# ..|#####.#.# .#
.........#.# .#
...#####.#.# .#
##########.#.##.####.#
#.............@o.....#
###.#############o######
............ o..
###.######## .###
#.#....# .. ###.#.##.#
.. .......#.# ...
###.####.# ..#
.........#


You could see an orc priest, an orc wizard and an orc.

Vanquished Creatures
  A scorpion (D:3)
  Crazy Yiuf (D:2)
  Robin (D:2)
  6 adders (D:2)
  4 oozes (D:1)
  2 worms (D:2)
  2 dart slugs (D:1)
  5 leopard geckos
  An orc (D:3)
  5 bats
  A giant cockroach (D:3)
  13 goblins
  8 hobgoblins
  8 jackals (D:1)
  7 kobolds
  2 ball pythons (D:1)
  A frilled lizard (D:2)
  6 rats
74 creatures vanquished.

Notes
Turn   | Place    | Note
-------+----------+-------------------------------------------
     0 | D:1      | kae the Demonspawn Gladiator began the quest for the Orb.
     0 | D:1      | Reached XP level 1. HP: 16/16 MP: 1/1
   203 | D:1      | Reached skill level 3 in Unarmed Combat
   208 | D:1      | Gained mutation: You have a somewhat thin skeletal structure. (Dex +2, Stealth) [demonic ancestry]
   208 | D:1      | Reached XP level 2. HP: 7/22 MP: 2/2
   231 | D:1      | HP: 1/23 [ooze (3)]
   600 | D:1      | Reached XP level 3. HP: 25/28 MP: 3/3
  1178 | D:2      | Reached skill level 4 in Unarmed Combat
  1194 | D:2      | Found a shattered altar of Ashenzari.
  1202 | D:2      | Gained mutation: You have a moderately thin skeletal structure. (Dex +4, Stealth+) [demonic ancestry]
  1202 | D:2      | Reached XP level 4. HP: 28/34 MP: 4/4
  1356 | D:2      | Noticed Robin
  1405 | D:2      | Killed Robin
  1608 | D:2      | Found a faded altar of an unknown god.
  1795 | D:2      | Found a runed door.
  2060 | D:2      | Found a hide-covered altar of Uskayaw.
  2091 | D:2      | Reached XP level 5. HP: 35/41 MP: 5/5
  2566 | D:2      | Noticed Crazy Yiuf
  2573 | D:2      | Killed Crazy Yiuf
  2661 | D:3      | Reached skill level 5 in Unarmed Combat
  2696 | D:3      | HP: 2/42 [poisoned by a scorpion]
  3120 | D:3      | Slain by an orc priest

Skill      XL: |  1  2  3  4  5 |
---------------+----------------+-----
Unarmed Combat | 3 4 5 |  5.2
Fighting       | 3 |  3.8
Throwing       | |  1.7
Dodging        | |  2.6

Action                   |  1- 3 |  4- 6 || total
-------------------------+-------+-------++-------
Melee: Unarmed           |   144 |   169 ||   313
       Punch             |     1 |     1 ||     2
Throw: Throwing net      |       |     1 ||     1
  Use: Scroll            |     1 |       ||     1
       Potion            |       |     3 ||     3
 Stab: Sleeping          |       |     7 ||     7
  Eat: Chunk             |     1 |     5 ||     6
Armor: Leather armour    |    62 |    41 ||   103
Dodge: Dodged            |   157 |   112 ||   269
